 Dungeon Sprint DCSS version 0.29-a0-1019-g84f7d21838 (webtiles) character file.

Game seed: 16570263629059714626

4158 mhtbhm the Imperceptible (level 10, -11/76 HPs)
             Began as a Spriggan Brigand on Aug 11, 2022.
             Was the Champion of Dithmenos.
             Mangled by Harold
             ... wielding a +1 dire flail of distortion
              (20 damage)
             ... in the Dungeon (Sprint III: "The Ten Rune Challenge").
             The game lasted 00:04:32 (824 turns).

mhtbhm the Imperceptible (Spriggan Brigand)          Turns: 824, Time: 00:04:33

Health: -11/76     AC:  3    Str:  7    XL:     10   Next: 7%
Magic:  17/17      EV: 20    Int: 13    God:    Dithmenos [******]
Gold:   1716       SH:  0    Dex: 21    Spells: 9/9 levels left

rFire   . . .      SeeInvis +   a - +3 dagger (venom)
rCold   . . .      Faith    .   (no shield)
rNeg    . . .      Spirit   .   b - +0 robe
rPois   .          Reflect  .   (helmet restricted)
rElec   .          Harm     .   c - +0 cloak
rCorr   .          Rampage  .   (gloves unavailable)
Will    +....      NoTele   +   (boots unavailable)
Stlth   ..........              (no amulet)
HPRegen 0.22/turn               (no ring)
MPRegen 0.15/turn               (no ring)

@: berserking (expiring), lethally poisoned (-11 -> -20), wreathed by umbra,
very quick
A: very small, no large weapons, unfitting armour, see invisible, speed 3
a: Renounce Religion, Shadow Step, Shadow Form


You were in the Dungeon.
You worshipped Dithmenos.
Dithmenos was exalted by your worship.
You visited 1 branch You collected 1831 gold pieces.
You spent 115 gold pieces at shops.

Inventory:

Hand Weapons
 a - a +3 dagger of venom (weapon)
Missiles
 d - 5 poisoned darts (quivered)
Armour
 b - a +0 robe (worn)
 c - a +0 cloak (worn)
Scrolls
 k - a scroll of blinking
 l - a scroll of immolation {unknown}
 m - 2 scrolls of identify {unknown}
 p - a scroll of torment {unknown}
Potions
 h - a potion of haste
 i - 2 potions of magic
 j - a potion of berserk rage
 n - a potion of brilliance {unknown}
 o - a potion of flight {unknown}
 q - a potion of degeneration {unknown}
 r - 4 potions of mutation
 t - a potion of might
Miscellaneous
 u - a tin of tremorstones (inert)


   Skills:
 + Level 5.2 Fighting
 + Level 10.4 Short Blades
 + Level 7.3 Throwing
 + Level 4.8 Dodging
 + Level 25.5 Stealth
 * Level 9.3 Invocations
 + Level 1.1 Evocations


You had 9 spell levels left.
You didn't know any spells.
Your spell library contained the following spells:

 Spells                   Type           Power      Damage    Failure   Level
 Conjure Flame            Conj/Fire      0%         6-21      67%         3
 Ignite Poison            Fire/Tmut/Pois 0%         N/A       67%         3
 Sticky Flame             Conj/Fire      0%         2d3       97%         4


Dungeon Overview and Level Annotations

Branches:
Dungeon (1/1)

Altars:
Cheibriados
Dithmenos
Elyvilon
Fedhas
Gozag
Hepliaklqana
Kikubaaqudgha
Makhleb
Nemelex Xobeh
Okawaru
Qazlal
Ru
Sif Muna
Trog
Uskayaw
Vehumet
Wu Jian
Xom
Yredelemnul
Zin
The Shining One
Jiyva
Lugonu

Shops:
D (

Annotations:
D Harold


Innate Abilities, Weirdness & Mutations

You are very small and have problems with some larger weapons.
You are too small for most types of armour.
You have supernaturally acute eyesight. (SInv)
You cover ground extremely quickly. (Speed+++)


Message History

You feel very sick.
Unknown command.
You feel a strong urge to attack something.
You feel sick.
You barely miss Harold.
Harold is heavily wounded.
You feel sick.
Harold hits you with a +1 dire flail of distortion.
Space warps horribly around you!!
* * * LOW HITPOINT WARNING * * *
You hit Harold.
Harold looks as sick as possible!
Harold is heavily wounded.
* * * LOW HITPOINT WARNING * * *
You feel sick.
You puncture Harold!
Harold looks as sick as possible!
Harold is severely wounded.
* * * LOW HITPOINT WARNING * * *
You feel sick.
Unknown command.
You barely miss Harold.
Harold is severely wounded.
* * * LOW HITPOINT WARNING * * *
You feel sick. Harold gestures at you while chanting.
You resist with some effort.
You hit Harold.
Harold is severely wounded.
Your shadow completely misses Harold.
* * * LOW HITPOINT WARNING * * *
You feel sick.
Unknown command.
You hit Harold.
Harold looks as sick as possible!
Harold is almost dead.
Your shadow hits Harold with a dagger.
* * * LOW HITPOINT WARNING * * *
You feel sick.
You hit Harold. You punch Harold!
Harold is almost dead.
Harold hits you with a +1 dire flail of distortion!!
You die...

..'.⌠........#)###...##
..#...######'#..######
..#.⌠.#__#...#'##################
..#...#__#...#..~~~'.#.'...'.#.#.
..#'###__#...#.#§§~#.#.#...##.#.#
..#.))#__#...'.#.§.#.#.#)..#.#.#.
..#___#__'...#.#§)§#...#)).##.#.#
▓▓▓▓▓▓▓▓▓▓▓▓▓▓▓▓▓▓▓▓▓▓▓▓▓▓▓#.#.#.
♣~~~§§§@@§..(~~..(##.#.#
+♣≈≈§§§§§§≈≈≈≈♣♣P.)(#.#.
♣♣♣♣♣♣♣♣♣♣♣♣♣♣♣PP##.#.# ♣♣♣##'###
#...+ #@@.# #...# #####


You could see Harold (extremely poisoned).

Vanquished Creatures
  Josephine (D)
  A centaur warrior (D)
  Joseph (D)
  A deep elf pyromancer (D)
  An unseen horror (D)
  3 wandering mushrooms (D)
  A shadow (D)
  A spatial vortex (D)
  2 centaurs (D)
  An earth elemental (D)
  A water elemental (D)
  A necrophage (D)
  A scorpion (D)
  A jelly (D)
  2 orc priests (D)
  Jessica (D)
  A wizard (D)
  4 orc wizards (D)
  A necromancer (D)
  3 humans (D)
  A kobold demonologist (D)
  12 orcs (D)
  3 rats (D)
45 creatures vanquished.

Vanquished Creatures (others)
  A plant (D)
1 creature vanquished.

Grand Total: 46 creatures vanquished

Notes
Turn   | Place    | Note
-------+----------+-------------------------------------------
     0 | D        | mhtbhm the Spriggan Brigand began the quest for the Orb.
     0 | D        | Reached XP level 1. HP: 10/10 MP: 2/2
     5 | D        | Reached skill level 6 in Stealth
    12 | D        | Noticed Jessica
    21 | D        | Killed Jessica
    22 | D        | Reached skill level 9 in Stealth
    22 | D        | Reached XP level 2. HP: 16/16 MP: 3/3
   113 | D        | Reached skill level 10 in Stealth
   113 | D        | Reached XP level 3. HP: 19/19 MP: 4/4
   189 | D        | Noticed a scorpion
   196 | D        | Killed a scorpion
   197 | D        | Reached skill level 12 in Stealth
   197 | D        | Reached XP level 4. HP: 23/23 MP: 5/5
   249 | D        | Noticed a water elemental
   252 | D        | Killed a water elemental
   253 | D        | Reached skill level 5 in Short Blades
   253 | D        | Reached skill level 13 in Stealth
   253 | D        | Reached XP level 5. HP: 28/28 MP: 6/6
   263 | D        | Found a shadowy altar of Dithmenos.
   264 | D        | Found a basalt altar of Yredelemnul.
   264 | D        | Found a sacrificial altar of Ru.
   266 | D        | Reached skill level 14 in Stealth
   267 | D        | Reached skill level 15 in Stealth
   270 | D        | Became a worshipper of Dithmenos the Shadowed
   291 | D        | Found a radiant altar of Vehumet.
   292 | D        | Found a shimmering blue altar of Sif Muna.
   292 | D        | Found an ancient bone altar of Kikubaaqudgha.
   294 | D        | Reached skill level 1 in Invocations
   294 | D        | Reached XP level 6. HP: 32/32 MP: 7/7
   308 | D        | Found a glowing silver altar of Zin.
   309 | D        | Found a glowing golden altar of the Shining One.
   309 | D        | Found a white marble altar of Elyvilon.
   309 | D        | Noticed a deep elf pyromancer
   311 | D        | Killed a deep elf pyromancer
   311 | D        | Reached * piety under Dithmenos
   312 | D        | Reached skill level 5 in Throwing
   312 | D        | Reached skill level 18 in Stealth
   312 | D        | Reached XP level 7. HP: 37/37 MP: 7/11
   352 | D        | Found a hide-covered altar of Uskayaw.
   352 | D        | Found an iron altar of Okawaru.
   353 | D        | Found a bloodstained altar of Trog.
   353 | D        | Found an ornate altar of the Wu Jian Council.
   353 | D        | Noticed a human
   353 | D        | Noticed a human
   355 | D        | Killed a human
   356 | D        | Reached skill level 19 in Stealth
   356 | D        | Reached skill level 5 in Invocations
   356 | D        | Killed a human
   375 | D        | Noticed a shadow
   377 | D        | Killed a shadow
   377 | D        | Reached ** piety under Dithmenos
   378 | D        | Reached skill level 20 in Stealth
   378 | D        | Reached XP level 8. HP: 42/42 MP: 13/13
   383 | D        | Found a blossoming altar of Fedhas.
   383 | D        | Found a stormy altar of Qazlal.
   384 | D        | Found a snail-covered altar of Cheibriados.
   384 | D        | Found a burning altar of Makhleb.
   384 | D        | Found a hazy altar of Hepliaklqana.
   384 | D        | Found a shimmering altar of Xom.
   384 | D        | Found an opulent altar of Gozag.
   384 | D        | Found a sparkling altar of Nemelex Xobeh.
   384 | D        | Found a corrupted altar of Lugonu.
   384 | D        | Found a viscous altar of Jiyva.
   406 | D        | Noticed Josephine
   409 | D        | Killed Josephine
   410 | D        | Reached skill level 22 in Stealth
   423 | D        | Reached *** piety under Dithmenos
   424 | D        | Reached XP level 9. HP: 46/46 MP: 15/15
   429 | D        | Noticed a centaur warrior
   433 | D        | Killed a centaur warrior
   434 | D        | Reached skill level 23 in Stealth
   447 | D        | Noticed an unseen horror
   449 | D        | Killed an unseen horror
   449 | D        | Reached **** piety under Dithmenos
   450 | D        | Reached skill level 5 in Fighting
   450 | D        | Reached skill level 10 in Short Blades
   450 | D        | Reached skill level 24 in Stealth
   454 | D        | Noticed a wandering mushroom
   458 | D        | Noticed a wandering mushroom
   460 | D        | Noticed a wandering mushroom
   461 | D        | Killed a wandering mushroom
   466 | D        | Killed a wandering mushroom
   581 | D        | Found Dazarph Reyb's Antique Weapon Shop.
   582 | D        | Reached ***** piety under Dithmenos
   584 | D        | Reached ****** piety under Dithmenos
   585 | D        | Reached skill level 25 in Stealth
   685 | D        | Bought a glowing dagger for 115 gold pieces
   783 | D        | Noticed Harold
   783 | D        | Noticed Joseph
   797 | D        | Killed Joseph
   798 | D        | Reached skill level 1 in Evocations
   798 | D        | Reached XP level 10. HP: 21/51 MP: 13/17
   824 | D        | Mangled by Harold

Illustrated notes

Levels and vault maps discovered:
D:        dungeon_sprint_mu [sprint_mu_entry_forest, sprint_mu_temple_rooms,
          sprint_mu_d1_horrors, sprint_mu_d2_genie, sprint_mu_d3_branching,
          sprint_mu_orc_legion, sprint_mu_elf_gauntlet, sprint_mu_hive_nellie,
          sprint_mu_lair_fedhas, sprint_mu_vaults_butterflies,
          sprint_mu_slime_circle, sprint_mu_swamp_cave, sprint_mu_shoals_archi,
          sprint_mu_blade_basic, sprint_mu_crypt_chambers,
          sprint_mu_tomb_spiral, sprint_mu_vestibule_basic,
          sprint_mu_gehenna_hellfire, sprint_mu_dis_giant,
          sprint_mu_tartarus_statrot, sprint_mu_cocytus_islands, sprint_mu_zot1]

Skill      XL: |  1  2  3  4  5  6  7  8  9 |
---------------+----------------------------+-----
Stealth        | 9 10 12 13 15 18 20 22 25 | 25.5
Fighting       | 2 3 4 5 |  5.2
Short Blades   | 3 4 5 6 7 8 9 10 | 10.4
Throwing       | 3 4 5 6 7 |  7.3
Dodging        | 2 3 4 |  4.8
Invocations    | 1 4 5 7 9 |  9.3
Evocations     | 1 |  1.1

Action                   |  1- 3 |  4- 6 |  7- 9 | 10-12 || total
-------------------------+-------+-------+-------+-------++-------
Melee: Dagger            |     8 |     6 |    44 |     7 ||    65
       Punch             |       |       |       |     1 ||     1
Throw: Dart              |     5 |       |    17 |     4 ||    26
Invok: Shadow Step       |       |       |     1 |       ||     1
Evoke: Wand              |       |       |     4 |     1 ||     5
       Tin of tremorston |       |       |     2 |     1 ||     3
  Use: Potion            |       |       |     4 |     2 ||     6
 Stab: Sleeping          |     1 |     6 |    13 |       ||    20
       Paralysed         |       |       |     2 |       ||     2
Armor: Robe              |       |       |     5 |       ||     5
Dodge: Dodged            |     3 |       |    15 |       ||    18

Table legend: (Time is in decaauts)
 A = Elapsed time spent in this place.
 B = Non-inter-level travel time spent in this place.
 C = Inter-level travel time spent in this place.
 D = Time resting spent in this place.
 E = Time spent auto-exploring this place.
 F = Levels seen in this place.
 G = Mean time per level.
                   A        B        C        D        E       F      G
               +--------+--------+--------+--------+--------+-----+--------+
         Total |    635 |    635 |      0 |    228 |      2 |   1 |  635.0 |
       Dungeon |    635 |    635 |      0 |    228 |      2 |   1 |  635.0 |
               +--------+--------+--------+--------+--------+-----+--------+

Top non-repeatable levels by time:
       D: 635 daAuts
